 Dungeon Crawl Stone Soup version 0.19.5 (webtiles) character file.

290 theElss the Cudgeler (level 6, -5/57 HPs)
             Began as a Gargoyle Berserker on Apr 12, 2017.
             Was a Believer of Trog.
             Killed from afar by devil0150's ghost (7 damage)
             ... with a magic dart
             ... on level 3 of the Dungeon.
             The game lasted 00:06:34 (1930 turns).

theElss the Cudgeler (Gargoyle Berserker)           Turns: 1930, Time: 00:06:34

Health: -5/57      AC: 12    Str: 27    XL:     6   Next: 32%
Magic:  6/6        EV:  7    Int:  8    God:    Trog [**....]
Gold:   104        SH:  0    Dex:  9    Spells: 0 memorised, 5 levels left

rFire  . . .     SeeInvis .     a - +0 mace
rCold  . . .     Gourm    .     p - +0 plate armour
rNeg   + . .     Faith    .     (no shield)
rPois  ∞         Spirit   .     (no helmet)
rElec  +         Reflect  .     x - +0 cloak {rPois}
rCorr  .         Harm     .     (no gloves)
MR     .....                    (no boots)
Stlth  ..........               (no amulet)
                                (no ring)
                                (no ring)

@: berserking, corroded, very quick
A: negative energy resistance 1, electricity resistance, unbreathing,
petrification resistance, rot immunity, AC +4
a: Berserk, Trog's Hand, Burn Spellbooks, Renounce Religion


You were on level 3 of the Dungeon.
You worshipped Trog.
Trog was pleased with you.
You were hungry.

You visited 1 branch of the dungeon, and saw 3 of its levels.

You collected 104 gold pieces.

Inventory:

Hand Weapons
 a - a +0 mace (weapon)
Armour
 b - a +0 animal skin
 l - a +0 chain mail
 p - a +0 plate armour (worn)
 x - a +0 cloak of poison resistance (worn)
Jewellery
 v - an uncursed ring of protection from magic {unknown}
Wands
 q - a wand of paralysis (15/24)
Scrolls
 d - a scroll of enchant armour {unknown}
 e - 2 scrolls of recharging {unknown}
 h - a scroll of teleportation {unknown}
 m - a scroll of remove curse {unknown}
 n - a scroll of magic mapping {unknown}
 s - a scroll of identify {unknown}
Potions
 i - a potion of might {unknown}
 k - a potion of brilliance {unknown}
 r - 2 potions of resistance {unknown}
 t - a potion of ambrosia {unknown}
 u - a potion of heal wounds {unknown}
 w - a potion of curing {unknown}
Comestibles
 c - a bread ration
 f - 2 chunks of flesh
 g - a slice of pizza
 j - 3 fruits
 o - a beef jerky


   Skills:
 + Level 4.2 Fighting
 + Level 6.0 Maces & Flails
 + Level 3.1 Armour
 - Level 1.5 Dodging


You had 5 spell levels left.
You didn't know any spells.

Dungeon Overview and Level Annotations

Branches:
Dungeon (3/15)

Altars:

Annotations:
D:3 Ijyb; devil0150's ghost, amateur HEWz


Innate Abilities, Weirdness & Mutations

You are resistant to torment.
Your stone body is resilient. (AC +4)
You are immune to poison.
You resist negative energy. (rN+)
You are resistant to electric shocks. (rElec)
You can survive without breathing.
You are immune to petrification.
You are immune to rotting.


Message History

Devil0150's ghost is heavily damaged.
Devil0150's ghost gestures at you while chanting.
The magic dart hits you!
The crimson imp blinks!
Devil0150's ghost hits you.
A red film seems to cover your vision as you go berserk!
You feel yourself moving faster!
You feel mighty!
You are feeling hungry.
Ijyb zaps a wand.
The bolt of acid hits you! The acid corrodes you!
You are splashed with acid!
The acid burns!
* * * LOW HITPOINT WARNING * * *
It is a wand of acid.
Devil0150's ghost hits you but does no damage.
You closely miss devil0150's ghost.
Devil0150's ghost is heavily damaged.
Ijyb screams, "Get away!"
The crimson imp blinks!
You closely miss devil0150's ghost.
Devil0150's ghost is heavily damaged.
Devil0150's ghost gestures at you while chanting.
The magic dart hits you!
You die...

#. #.
###.###########
.§............
####.....[......
....5>..........
......§W........
....:g.@(.......
................
........<....##
##+#>........#
#....######
####.. #.. #...
....


You could see Ijyb, devil0150's ghost and a crimson imp.

Vanquished Creatures
  Sigmund (D:2)
  Crazy Yiuf (D:2)
  Robin (D:2)
  An adder (D:2)
  A gnoll (D:1)
  2 oozes
  2 worms (D:2)
  A dart slug (D:1)
  2 leopard geckos
  13 goblins
  8 hobgoblins (D:2)
  5 jackals
  8 bats
  2 frilled lizards (D:1)
  A kobold (D:1)
  8 rats
57 creatures vanquished.

Notes
Turn   | Place    | Note
-------+----------+-------------------------------------------
     0 | D:1      | theElss the Gargoyle Berserker began the quest for the Orb.
     0 | D:1      | Reached XP level 1. HP: 14/14 MP: 1/1
    93 | D:1      | Reached XP level 2. HP: 14/19 MP: 2/2
   519 | D:1      | Reached XP level 3. HP: 23/23 MP: 3/3
   861 | D:2      | Reached skill level 4 in Maces & Flails
   954 | D:2      | Reached ** piety under Trog
  1113 | D:2      | Noticed Sigmund
  1126 | D:2      | Killed Sigmund
  1126 | D:2      | Reached skill level 5 in Maces & Flails
  1126 | D:2      | Reached XP level 4. HP: 29/29 MP: 4/4
  1126 | D:2      | Reached XP level 5. HP: 33/33 MP: 5/5
  1229 | D:2      | Found a runed door.
  1276 | D:2      | Noticed Robin
  1292 | D:2      | Reached XP level 6. HP: 38/38 MP: 6/6
  1328 | D:2      | Killed Robin
  1808 | D:2      | Noticed Crazy Yiuf
  1814 | D:2      | Killed Crazy Yiuf
  1814 | D:2      | Reached skill level 6 in Maces & Flails
  1856 | D:3      | Noticed devil0150's ghost (amateur HEWz)
  1925 | D:3      | Noticed Ijyb
  1928 | D:3      | HP: 2/57 [acid (16)]
  1930 | D:3      | Killed from afar by devil0150's ghost

Skill      XL: |  1  2  3  4  5  6 |
---------------+-------------------+-----
Maces & Flails | 5 6 |  6.0
Fighting       | 4 |  4.2
Armour         | 3 |  3.1
Dodging        | |  1.5

Action                   |  1- 3 |  4- 6 || total
-------------------------+-------+-------++-------
Melee: Mace              |   148 |   107 ||   255
Invok: Berserk           |     1 |     3 ||     4
       Trog's Hand       |       |     1 ||     1
 Stab: Sleeping          |     2 |       ||     2
  Eat: Chunk             |     1 |     6 ||     7
Armor: Animal skin       |    20 |       ||    20
       Plate armour      |    53 |    82 ||   135
       Chain mail        |    20 |       ||    20
Dodge: Dodged            |    94 |    37 ||   131
